 Dungeon Crawl Stone Soup version 0.25-a0-341-g6f074c887a (webtiles) character file.

Game seed: 2221026411324829823, levelgen mode: deterministic

8 Chavier10 the Magician (level 2, 0/15 HPs)
             Began as a Deep Elf Wizard on Dec 30, 2019.
             Slain by a worm (12 damage)
             ... on level 1 of the Dungeon.
             The game lasted 00:04:14 (857 turns).

Chavier10 the Magician (Deep Elf Wizard)             Turns: 857, Time: 00:04:14

Health: 0/15       AC:  2    Str:  4    XL:     2   Next: 0%
Magic:  2/9        EV: 13    Int: 22    God:
Gold:   12         SH:  0    Dex: 13    Spells: 9/10 levels left

rFire    . . .     SeeInvis .   f - +1 dagger (holy)
rCold    + . .     Gourm    .   (no shield)
rNeg     . . .     Faith    .   a - +0 robe
rPois    .         Spirit   .   b - +0 hat
rElec    .         Reflect  .   (no cloak)
rCorr    .         Harm     .   (no gloves)
MR       .....                  (no boots)
Stlth    ++........             (no amulet)
HPRegen  0.05/turn              c - ring of protection from cold
MPRegen  0.11/turn              (no ring)

@: no status effects
A: no striking features
a: no special abilities


You were on level 1 of the Dungeon.
You were not hungry.

You visited 1 branch of the dungeon, and saw 2 of its levels.

You collected 12 gold pieces.

Inventory:

Hand Weapons
 f - a +1 dagger of holy wrath (weapon)
 k - a +0 spear
Armour
 a - a +0 robe (worn)
 b - a +0 hat (worn)
Jewellery
 c - a ring of protection from cold (left hand)
 g - a +2 ring of protection
Scrolls
 h - 2 scrolls of remove curse
Potions
 e - a potion of brilliance {unknown}
Comestibles
 d - 4 rations


   Skills:
 + Level 2.4 Dodging
 + Level 2.7 Stealth
 * Level 4.9 Spellcasting
 * Level 1.1 Conjurations
   Level 1.1 Summonings
   Level 1.1 Translocations


You had 9 spell levels left.
You knew the following spells:

 Your Spells              Type           Power        Failure   Level  Hunger
a - Magic Dart            Conj           ##..         6%          1    None

Your spell library contained the following spells:

 Spells                   Type           Power        Failure   Level  Hunger
 Blink                    Tloc           N/A          10%         2    None
 Call Imp                 Summ           ##......     10%         2    None
 Slow                     Hex            #.......     16%         2    None
 Conjure Flame            Conj/Fire      #.......     24%         3    ##.....
 Mephitic Cloud           Conj/Pois/Air  #.......     26%         3    ##.....


Dungeon Overview and Level Annotations

Branches:
Dungeon (2/15)

Altars:


Message History

Casting: Magic Dart (safe; 6% risk of failure)
Confirm with . or Enter, or press ? or * to list all spells.
Aiming: Magic Dart (safe; 6% risk of failure)
Press: ? - help, Shift-Dir - straight line, f/p - worm
Aim: a worm (moderately wounded)
The magic dart hits the worm but does no damage.
The worm is moderately wounded.
The worm barely misses you.
You barely miss the worm.
The worm is moderately wounded.
Casting: Magic Dart (safe; 6% risk of failure)
Confirm with . or Enter, or press ? or * to list all spells.
Aiming: Magic Dart (safe; 6% risk of failure)
Press: ? - help, Shift-Dir - straight line, f/p - worm
Aim: a worm (moderately wounded)
The magic dart hits the worm.
The worm is moderately wounded.
The worm bites you!
Ouch! That really hurt!
You die...

###########.......##.#.#.##.#####
..........###...###..#.#..#.#....
............#####...##.#..#.#.##.
..................####.#..#.#.##.
.........#####.....# #.#..#.#.##.
.........# ##..#.# #.#......##.
.........# #..#.###.#....####.
.........# #..#..##.#....#....
.........# #.@##.##.#รท##.#....
.........# ##w##.##.#....#####
################.##..#.#.........
#......#..##.#...........
#.####.#..#..###.#######.
#.#......>.....#.# #.
#.#.##.#..#.##.#.# #.
#.#.##.#..#.##.#.# #.
#.#.##.##.#.##.#.# #.


You could see a worm.

Vanquished Creatures
  2 bats (D:1)
  A goblin (D:1)
  A hobgoblin (D:1)
  A frilled lizard (D:1)
  A kobold (D:2)
  3 rats (D:1)
9 creatures vanquished.

Notes
Turn   | Place    | Note
-------+----------+-------------------------------------------
     0 | D:1      | Chavier10 the Deep Elf Wizard began the quest for the Orb.
     0 | D:1      | Reached XP level 1. HP: 10/10 MP: 7/7
   794 | D:1      | Learned a level 1 spell: Magic Dart
   840 | D:2      | Reached XP level 2. HP: 15/15 MP: 7/9
   857 | D:1      | Slain by a worm

Levels and vault maps discovered:
D:1:      dpeg_arrival_three_same_balls, layout_basic
D:2:      layout_rooms

Action                   || total
-------------------------++-------
Melee: Dagger            ||     2
 Cast: Magic Dart        ||    21
  Use: Scroll            ||     6
       Potion            ||     2
Dodge: Dodged            ||     2

Table legend:
 A = Non-vault XP
 B = Vault XP
 C = Vault XP percentage of total XP
 D = Non-vault monster count
 E = Vault monster count
 F = Vault count percentage of total count
                 A         B        C        D         E       F
            +---------+---------+-------+---------+---------+-------
      Total |      12 |       0 |   0.0 |       9 |       0 |   0.0
            +---------+---------+-------+---------+---------+-------
        D:1 |      11 |       0 |   0.0 |       8 |       0 |   0.0
        D:2 |       1 |       0 |   0.0 |       1 |       0 |   0.0
            +---------+---------+-------+---------+---------+-------
